 Dungeon Crawl Stone Soup version 0.32-a0-42-ga30500b4d3 (webtiles) character file.

Game seed: 234504595610095942

132276 whatisthis the Warrior (level 16, -8/148 HPs)
             Began as a Demonspawn Brigand on Jan 27, 2024.
             Was the Champion of Okawaru.
             Mangled by a spriggan rider
             ... wielding a +0 spear
             ... led by a spriggan druid
              (17 damage)
             ... on level 4 of the Swamp.
             The game lasted 01:39:00 (34577 turns).

whatisthis the Warrior (Demonspawn Brigand)        Turns: 34577, Time: 01:39:05

Health: -8/148     AC: 19    Str: 12    XL:     16   Next: 57%
Magic:  7/7        EV: 27    Int:  9    God:    Okawaru [******]
Gold:   1331       SH: 26    Dex: 28    Spells: 15/15 levels left

rFire   . . .        a - +6 double sword "Tajaq Amogg" {antimagic, Will++}
rCold   + . .        R - +2 kite shield
rNeg    . . .        Z - +3 scale mail {rC+}
rPois   +            (helmet restricted)
rElec   .            U - +2 cloak {rPois}
rCorr   .            Y - +1 pair of gloves "Bulum" {Will+ Str+2 Int-3}
SInv    .            k - +0 pair of boots
Will    ++++.        V - amulet of reflection
Stlth   +++          T - +6 ring of dexterity
HPRegen 0.44/turn    P - +4 ring of slaying
MPRegen 0.10/turn

%: reflection
@: mighty, agile, heroic
A: rugged brown scales 2, foul stench 2, powered by pain 1, weakness stinger 2,
horns 1, large bone plates 1, weak 1
a: Renounce Religion, Heroism, Finesse, Duel


You were on level 4 of the Swamp.
You worshipped Okawaru.
Okawaru was exalted by your worship.
You visited 5 branches of the dungeon, and saw 27 of its levels.
You also visited: Ossuary.

You collected 2481 gold pieces.
You spent 1150 gold pieces at shops.

Inventory:

Hand Weapons
 a - the +6 double sword "Tajaq Amogg" (weapon) {antimagic, Will++}
   (Okawaru gifted it to you on level 3 of the Lair of Beasts)

   Will++:    It greatly increases your willpower.
 b - a +2 scimitar of flaming
 c - a +2 dagger of venom
Missiles
 d - 59 poisoned darts
 e - 27 boomerangs (quivered)
 q - 15 javelins
 u - a throwing net
 E - 10 curare-tipped darts
 Q - 7 atropa-tipped darts
Armour
 k - a +0 pair of boots (worn)
 R - a +2 kite shield (worn)
 U - a +2 cloak of poison resistance (worn)
 Y - the +1 pair of gloves "Bulum" (worn) {Will+ Str+2 Int-3}
   (You bought it in a shop on level 2 of the Orcish Mines)

   Str+2:     It affects your strength (+2).
   Int-3:     It affects your intelligence (-3).
   Will+:     It increases your willpower.
 Z - a +3 scale mail of cold resistance (worn)
Jewellery
 P - a +4 ring of slaying (right hand)
 T - a +6 ring of dexterity (left hand)
 V - an amulet of reflection (around neck)
 W - a ring of ice
 X - a +4 ring of protection
Wands
 l - a wand of acid (2)
 m - a wand of mindburst (67)
 y - a wand of roots (11)
 F - a wand of flame (19)
 J - a wand of polymorph (14)
 L - a wand of paralysis (22)
Scrolls
 g - 8 scrolls of teleportation
 h - 5 scrolls of enchant weapon
 i - 5 scrolls of vulnerability
 j - 4 scrolls of poison
 s - 6 scrolls of fear
 t - 4 scrolls of blinking
 w - 6 scrolls of fog
 B - a scroll of torment
 G - 2 scrolls of brand weapon
 I - 4 scrolls of revelation
 M - a scroll of silence
 S - a scroll of immolation
Potions
 f - 7 potions of enlightenment
 n - 4 potions of invisibility
 o - 10 potions of curing
 p - 2 potions of attraction
 r - a potion of cancellation
 v - 4 potions of resistance
 x - 2 potions of lignification
 z - 4 potions of ambrosia
 A - 6 potions of haste
 C - 3 potions of heal wounds
 D - 6 potions of brilliance
 H - 4 potions of berserk rage
 N - 2 potions of mutation


   Skills:
 + Level 17.3(22.3) Fighting
 - Level 1.7(15.3) Short Blades
 + Level 15.7(20.7) Long Blades
 - Level 5.0(10.0) Throwing
 + Level 13.8(18.8) Dodging
 - Level 3.6(8.6) Stealth
 + Level 7.6(12.6) Shields
 - Level 8.0 Invocations


You had 15 spell levels left.
You didn't know any spells.
Your spell library contained the following spells:

 Spells                   Type           Power      Damage    Failure   Level
 Magic Dart               Conj           0%         1d3       99%         1
 Shock                    Conj/Air       0%         1d3       99%         1
 Blink                    Tloc           0%         N/A       99%         2
 Cigotuvi's Dreadful Rot  Necr/Alch/Air  0%         N/A       99%         2
 Lesser Beckoning         Tloc           0%         N/A       99%         2
 Sublimation of Blood     Necr           0%         N/A       99%         2
 Dazzling Flash           Conj/Hex       0%         N/A       100%        3
 Frozen Ramparts          Ice            0%         1d1       100%        3
 Gell's Gravitas          Tloc           0%         N/A       100%        3
 Hailstorm                Conj/Ice       0%         3d5       100%        3
 Mephitic Cloud           Conj/Alch/Air  0%         N/A       100%        3
 Ozocubu's Armour         Ice            0%         N/A       100%        3
 Swiftness                Air            0%         N/A       100%        3
 Teleport Other           Tloc           0%         N/A       100%        3
 Volatile Blastmotes      Fire/Tloc      0%         2d10      100%        3
 Airstrike                Air            0%         2d(0-16)  100%        4
 Ignite Poison            Fire/Alch      0%         N/A       100%        4
 Leda's Liquefaction      Alch/Erth      0%         N/A       100%        4
 Petrify                  Alch/Erth      0%         N/A       100%        4
 Curse of Agony           Necr           0%         N/A       100%        5
 Freezing Cloud           Conj/Ice/Air   0%         6-21      100%        5
 Iskenderun's Battlesphe  Conj           0%         2d6       100%        5
 Metabolic Englaciation   Hex/Ice        0%         N/A       100%        5
 Silence                  Hex/Air        0%         N/A       100%        5
 Bombard                  Conj/Erth      0%         9d1       100%        6
 Dispersal                Tloc           0%         N/A       100%        6
 Starburst                Conj/Fire      0%         6d3       100%        6
 Maxwell's Capacitive Co  Air            0%         ∞         100%        8
 Summon Small Mammal      Summ           Unusable   N/A       N/A         1
 Call Imp                 Summ           Unusable   N/A       N/A         2
 Summon Ice Beast         Ice/Summ       Unusable   N/A       N/A         3
 Sculpt Simulacrum        Ice/Alch       Unusable   N/A       N/A         6
 Spellforged Servitor     Conj/Summ      Unusable   N/A       N/A         7

Dungeon Overview and Level Annotations

Branches:
Dungeon (15/15)            Temple (1/1) D:6            Lair (5/5) D:10
  Swamp (4/4) Lair:2        Snake (0/4) Lair:3        Slime (0/5) Lair:5
    Orc (2/2) D:10            Elf (0/3) Orc:2        Vaults (0/5) D:13
 Depths (0/4) D:15        Ossuary (visited)

Altars:
Ashenzari
Cheibriados
Dithmenos
Fedhas
Gozag
Hepliaklqana
Kikubaaqudgha
Makhleb
Nemelex Xobeh
Okawaru
Qazlal
Ru
Sif Muna
Trog
Uskayaw
Vehumet
Wu Jian
Xom
Yredelemnul

Shops:
D:10 =   Orc:2 [[!*

Portals:
Trove: D:10 (give +2 ice dragon scales)

Annotations:
D:2 exclusion: gnoll
D:8 exclusion: cyclops
Lair:2 2 runed translucent doors, Poirhunoest's ghost, journeyman HuSu


Innate Abilities, Weirdness & Mutations

You are mostly covered in rugged brown scales. (AC +2, +5% HP)
You sometimes emit foul miasma when damaged in melee.
You sometimes gain a little power by taking damage.
You have a tail ending in a sharp stinger.
You have a pair of small horns on your head.
You are partially covered in large bone plates. (SH +4)
You are weak. (Str -2)


Message History

The spriggan druid splashes around in the water.
A tree reaches out and hits you! x2; You block the spriggan rider's attack.
A tree reaches out and hits you!
You are hit by a branch!
You focus on the pain.
You feel agile all of a sudden.
The spriggan druid attacks as it pursues you!
You block the spriggan druid's attack. You block the alligator's attack. x2
The spriggan druid hits you with a +0 quarterstaff.
You emit a cloud of foul miasma!
The spriggan rider hits you from afar with a +0 spear.
A tree reaches out and hits you!
* * * LOW HITPOINT WARNING * * *
You focus on the pain.
You feel very mighty all of a sudden.
The alligator attacks as it pursues you!
You block the alligator's attack. x2
The spriggan druid is engulfed in dark miasma.
The spriggan druid is poisoned.
You gain the combat prowess of a mighty hero.
Branches wave dangerously above you. A root smacks you from below!!
* * * LOW HITPOINT WARNING * * *
You block the alligator's attack. x2
The spriggan druid hits you with a +0 quarterstaff.
* * * LOW HITPOINT WARNING * * *
You block the spriggan rider's attack. The alligator misses you.
The alligator completely misses you.
You carve the alligator like a ham!!! You headbutt the alligator!
The alligator is severely wounded.
You block the spriggan druid's attack. You block the spriggan rider's attack.
The alligator tail-slaps you but does no damage.
The alligator barely misses you.
You slash the alligator!
The alligator is almost dead.
A tree reaches out and hits you!!
* * * LOW HITPOINT WARNING * * *
You focus on the pain.
You feel your power returning. You block the spriggan druid's attack.
You block the alligator's attack. x2
The spriggan rider hits you from afar with a +0 spear!
You die...

#♣~♣♣♣♣♣♣♣.~.~~~~.♣
#§i♣♣......[~♣.~~§♣
#♣.♣♣~~~~~~.~♣♣♣♣~♣♣
#♣§~♣♣~~~~~~♣♣♣ ~♣ #
#♣~...~§~~~~~♣ ♣ ♣♣#
#♣...♣~~..~~~~♣
~.♣♣##♣.~~~...~~i○i~♣
~~.~♣.†~~..~~~~.li♣♣♣♣♣
~§~~..~.~♣♣.~~..@♣♣~§~♣
.~~...~♣♣♣♣♣..§~~♣♣~§.♣♣
~~.§~♣♣♣♣~~.~~~~.♣..~.~♣♣
~~♣♣..♣♣♣~.~~~~~~~~.<~~~♣
~~[.~~~~♣♣.~~~(.§~~..~~~♣
†~.~§~~.♣♣~~~.♣.~~~..?.~♣
..~~~~..~.~~~.~.~~~~♣♣♣♣♣
♣..~~.~...~~~~..~~~~.~.♣
♣♣♣♣♣♣♣♣♣♣..~~..~~..~~.♣


You could see an alligator, a spriggan rider, a spriggan druid (poisoned) and a
spriggan.

Vanquished Creatures
  2 fenstrider witches
  A ghoul (Swamp:4)
  3 eleionomae
  Azrael (D:14)
  3 bunyips
  Josephine (D:14)
  An ettin (D:15)
  An entropy weaver (shapeshifter) (D:14)
  12 hydras
  9 alligators
  3 catoblepae (Lair:5)
  3 boulder beetles
  A vault guard (D:13)
  5 centaur warriors
  A spriggan air mage (Swamp:3)
  A death knight (D:14)
  5 two-headed ogres
  16 death yaks
  A tengu warrior (D:13)
  2 spriggan berserkers (Swamp:3)
  2 occultists (D:15)
  3 orc high priests (Orc:2)
  Nergalle (Lair:1)
  Amaemon (Lair:1)
  Sonja (Lair:2)
  7 skeletal warriors
  3 spriggan druids
  3 goliath frogs
  3 swamp dragons
  A flayed ghost (D:14)
  A phantasmal warrior (D:14)
  2 necromancers
  5 bog bodies
  4 orc knights (Orc:2)
  3 manticores
  A deep elf pyromancer (D:12)
  4 orc sorcerers (Orc:2)
  14 ugly things
  3 will-o-the-wisps
  5 cyclopes
  Maurice (D:7)
  13 elephants
  A salamander (Lair:3)
  6 meliai
  6 kobold blastminers
  Joseph (Lair:1)
  A black mamba (Lair:3)
  An orange demon (Lair:1)
  A torpor snail (Lair:5)
  7 cane toads
  A gargoyle (D:12)
  5 rime drakes
  Maggie (Lair:1)
  4 kobold demonologists
  Jeremiah (D:6)
  7 tengu conjurers
  2 freezing wraiths
  A rime drake (shapeshifter) (D:13)
  5 komodo dragons
  An efreet (D:14)
  7 trolls
  A queen bee (shapeshifter) (D:15)
  4 tyrant leeches
  3 hornets
  4 polar bears
  34 blink frogs
  Grinder (D:6)
  Prince Ribbit (D:5)
  6 slime creatures
  A spriggan (shapeshifter) (D:13)
  4 spriggans
  A wyvern (Lair:5)
  53 yaks
  A water elemental (D:14)
  4 fire elementals (D:14)
  9 wraiths
  4 basilisks
  A yak (shapeshifter) (D:13)
  6 vampire mosquitoes
  A steam dragon (D:7)
  A hog (shapeshifter) (D:15)
  2 wargs
  Edmund (D:6)
  14 swamp worms
  2 acid dragons
  3 nagas (Lair:3)
  3 hell hounds
  15 water moccasins
  19 orc warriors
  2 laughing skulls (D:14)
  4 swamp drakes
  6 ice beasts
  A sky beast (D:3)
  2 black bears (D:5)
  8 ogres
  4 wolves
  5 centaurs
  A phantom (D:5)
  7 kobold brigands
  9 bullfrogs
  A necrophage (Swamp:4)
  2 elf zombies (Ossuary)
  2 scorpions
  10 wights
  8 killer bees
  7 howler monkeys
  7 electric eels
  A centaur zombie (Ossuary)
  2 bombardier beetles
  A human zombie (Ossuary)
  13 orc priests
  3 hounds
  4 jellies
  A sleepcap (D:4)
  6 iguanas
  22 orc wizards
  3 polar bear simulacra (Lair:3)
  3 yak simulacra (Lair:3)
  4 wolf simulacra (Lair:3)
  5 hound zombies (Ossuary)
  3 mummies
  10 gnolls
  2 river rats (Lair:3)
  4 adders
  A shadow imp (D:7)
  4 adder zombies (Ossuary)
  A ribbon worm (D:2)
  2 dart slugs
  74 orcs
  4 endoplasms
  4 giant cockroaches (D:1)
  5 gnoll zombies (Ossuary)
  11 goblins
  9 hobgoblins
  3 jackals (D:4)
  2 quokkas (D:1)
  3 ball pythons
  5 bats
  3 frilled lizards
  A hobgoblin zombie (D:5)
  2 jackal zombies (Ossuary)
  27 kobolds
  7 kobold zombies (Ossuary)
  10 orc zombies
  2 rats
  A river rat simulacrum (Lair:3)
765 creatures vanquished.

Vanquished Creatures (others)
  A bloated husk (Swamp:3)
  An orc (Orc:1)
  2 foxfires (Swamp:2)
4 creatures vanquished.

Grand Total: 769 creatures vanquished

Notes
Turn   | Place    | Note
-------+----------+-------------------------------------------
     0 | D:1      | whatisthis the Demonspawn Brigand began the quest for the
                  | Orb.
     0 | D:1      | Reached XP level 1. HP: 16/16 MP: 1/1
    21 | D:1      | Reached skill level 1 in Dodging
   158 | D:1      | Gained mutation: You have a small tail. [demonic ancestry]
   158 | D:1      | Reached XP level 2. HP: 20/22 MP: 2/2
   281 | D:1      | Found a faded altar of an unknown god.
   437 | D:1      | Reached skill level 1 in Long Blades
   562 | D:1      | Reached XP level 3. HP: 20/28 MP: 3/3
  1109 | D:2      | Identified the +0 chain mail of the Bells {SInv}
  1133 | D:2      | HP: 1/28 [ribbon worm (7)]
  1772 | D:3      | Found a blossoming altar of Fedhas.
  1858 | D:3      | HP: 1/28 [iguana (12)]
  1861 | D:3      | Reached skill level 3 in Fighting
  1861 | D:3      | Gained mutation: You are partially covered in rugged brown
                  | scales. (AC +1, +3% HP) [demonic ancestry]
  1861 | D:3      | Reached XP level 4. HP: 2/36 MP: 4/4
  2347 | D:3      | Found a stormy altar of Qazlal.
  2347 | D:3      | Noticed a sky beast
  2373 | D:3      | Killed a sky beast
  2374 | D:3      | Gained mutation: You are mostly covered in rugged brown
                  | scales. (AC +2, +5% HP) [demonic ancestry]
  2374 | D:3      | Reached XP level 5. HP: 15/43 MP: 5/5
  2582 | D:3      | Found a burning altar of Makhleb.
  2941 | D:3      | Found a sparkling altar of Nemelex Xobeh.
  3136 | D:4      | Noticed an ogre
  3217 | D:4      | Killed an ogre
  3218 | D:4      | Reached skill level 4 in Fighting
  3218 | D:4      | Reached XP level 6. HP: 47/50 MP: 6/6
  3698 | D:4      | Reached XP level 7. HP: 57/57 MP: 7/7
  4206 | D:4      | Reached skill level 5 in Fighting
  4351 | D:5      | Entered Level 5 of the Dungeon
  4452 | D:5      | Found a sand-covered staircase.
  4539 | Ossuary  | Entered an ossuary
  4908 | Ossuary  | Gained mutation: You may rarely emit foul miasma when
                  | damaged in melee. [demonic ancestry]
  4908 | Ossuary  | Reached XP level 8. HP: 34/67 MP: 8/8
  5326 | D:5      | Reached skill level 6 in Fighting
  5326 | D:5      | Reached skill level 5 in Dodging
  5385 | D:5      | Reached skill level 5 in Long Blades
  6186 | D:6      | Noticed Grinder
  6198 | D:6      | Killed Grinder
  6231 | D:6      | Noticed Prince Ribbit
  6231 | D:6      | Noticed Jeremiah
  6231 | D:6      | Noticed Edmund
  6275 | D:5      | Killed Prince Ribbit
  6276 | D:5      | Reached skill level 7 in Fighting
  6493 | D:6      | Found a staircase to the Ecumenical Temple.
  6504 | Temple   | Entered the Ecumenical Temple
  6513 | Temple   | Became a worshipper of Warmaster Okawaru
  6582 | D:6      | Gained mutation: You sometimes emit foul miasma when
                  | damaged in melee. [demonic ancestry]
  6582 | D:6      | Reached XP level 9. HP: 75/75 MP: 9/9
  6626 | D:6      | Killed Edmund
  7063 | D:6      | Found a shimmering altar of Xom.
  7174 | D:6      | Killed Jeremiah
  7174 | D:6      | Reached * piety under Okawaru
  7442 | D:7      | Noticed a troll
  7448 | D:7      | Killed a troll
  7449 | D:7      | Reached skill level 8 in Fighting
  7716 | D:7      | Noticed a two-headed ogre
  8261 | D:7      | Killed a two-headed ogre
  8262 | D:7      | Reached XP level 10. HP: 57/86 MP: 7/10
  8339 | D:7      | Noticed Maurice
  8359 | D:7      | Maurice stole a +2 dagger of venom
  8360 | D:7      | Maurice stole a +0 buckler
  8363 | D:7      | Killed Maurice
  8363 | D:7      | Reached ** piety under Okawaru
  8364 | D:7      | Reached skill level 9 in Fighting
  9237 | D:8      | Identified the +1 leather armour "Pasoastugad" {rC+ Dex+3}
  9363 | D:8      | Reached *** piety under Okawaru
  9627 | D:8      | Noticed a cyclops
 10366 | D:8      | Reached skill level 10 in Fighting
 11054 | D:10     | Entered Level 10 of the Dungeon
 11058 | D:10     | Noticed a skeletal warrior
 11060 | D:10     | Noticed a skeletal warrior
 11299 | D:10     | Found a staircase to the Orcish Mines.
 11336 | D:10     | Found Kaustrae's Jewellery Boutique.
 11380 | D:10     | Found a portal to a secret trove of treasure.
 11415 | D:10     | Noticed a skeletal warrior
 11437 | D:10     | Found a staircase to the Lair.
 11471 | D:10     | Reached XP level 11. HP: 14/95 MP: 2/11
 11474 | D:10     | Gained mutation: You are partially covered in large bone
                  | plates. (SH +4) [potion of mutation]
 11474 | D:10     | Gained mutation: You are weak. (Str -2) [potion of
                  | mutation]
 11474 | D:10     | Gained mutation: You have a pair of small horns on your
                  | head. [potion of mutation]
 11768 | D:10     | Reached **** piety under Okawaru
 11903 | D:10     | Identified the +0 ring mail of Dishonour {Dex+7}
 11961 | Lair:1   | Entered Level 1 of the Lair of Beasts
 12097 | Lair:1   | Noticed Nergalle
 12114 | Lair:1   | Killed Nergalle
 12365 | D:10     | Reached ***** piety under Okawaru
 12411 | Lair:1   | Reached skill level 11 in Fighting
 12572 | Lair:1   | Received a gift from Okawaru
 12610 | Lair:1   | Reached skill level 10 in Dodging
 12651 | Lair:1   | Reached skill level 10 in Long Blades
 12741 | Lair:1   | Noticed Maggie
 12750 | Lair:1   | Killed Maggie
 12825 | Lair:1   | Noticed Joseph
 12835 | Lair:1   | Killed Joseph
 13103 | Lair:1   | Noticed Amaemon
 13172 | Lair:1   | Killed Amaemon
 13484 | Lair:1   | Reached XP level 12. HP: 106/106 MP: 12/12
 13727 | Lair:2   | Noticed Sonja
 13732 | Lair:2   | Killed Sonja
 13871 | Lair:2   | Found a staircase to the Swamp.
 13881 | Lair:2   | Reached skill level 12 in Fighting
 14199 | Lair:2   | Received a gift from Okawaru
 14274 | Lair:2   | Reached ****** piety under Okawaru
 14558 | Lair:2   | Found a large runed translucent door.
 14558 | Lair:2   | Found a large runed translucent door.
 14562 | Lair:2   | Noticed Poirhunoest's ghost (journeyman HuSu)
 15019 | Lair:3   | Noticed a death yak
 15020 | Lair:3   | Noticed a death yak
 15021 | Lair:3   | Noticed a death yak
 15115 | Lair:3   | Noticed a death yak
 15115 | Lair:3   | Noticed a death yak
 15115 | Lair:3   | Noticed a death yak
 15116 | Lair:3   | Noticed a death yak
 15137 | Lair:3   | Noticed a death yak
 15138 | Lair:3   | Noticed a death yak
 15145 | Lair:2   | Killed a death yak
 15584 | Lair:3   | Received a gift from Okawaru
 15601 | Lair:3   | Acquired the +6 double sword "Tajaq Amogg" {antimagic,
                  | Will++}
 15601 | Lair:3   | Received a gift from Okawaru
 15792 | Lair:3   | Killed a death yak
 15943 | Lair:3   | Killed a death yak
 15944 | Lair:3   | Reached skill level 13 in Fighting
 15968 | Lair:2   | Killed a death yak
 15973 | Lair:2   | Killed a death yak
 16195 | Lair:2   | Killed a death yak
 16195 | Lair:2   | Received a gift from Okawaru
 16323 | Lair:3   | Gained mutation: You have a tail ending in a sharp stinger.
                  | [demonic ancestry]
 16323 | Lair:3   | Reached XP level 13. HP: 116/116 MP: 4/13
 17014 | Lair:3   | Found a staircase to the Snake Pit.
 17998 | Lair:4   | Received a gift from Okawaru
 18765 | Lair:4   | Reached skill level 14 in Fighting
 19273 | Lair:4   | Received a gift from Okawaru
 20146 | Lair:5   | Entered Level 5 of the Lair of Beasts
 20447 | Lair:5   | Found a staircase to the Slime Pits.
 20983 | Lair:5   | Reached skill level 1 in Invocations
 21004 | Lair:5   | Received a gift from Okawaru
 21027 | Lair:5   | Reached XP level 14. HP: 106/127 MP: 5/15
 21701 | Lair:5   | Identified the staff "Ydycsyoth" {rC+ Str+4 Ice}
 22988 | D:11     | Received a gift from Okawaru
 23100 | D:11     | Reached skill level 5 in Invocations
 23919 | D:12     | Reached skill level 15 in Fighting
 24355 | D:12     | Received a gift from Okawaru
 24798 | D:13     | Reached skill level 5 in Throwing
 25077 | D:13     | You fall into a shaft and drop 1 floor!
 25125 | D:14     | Noticed Azrael
 25176 | D:14     | Found an iron altar of Okawaru.
 25347 | D:14     | Reached skill level 1 in Shields
 25353 | D:14     | Received a gift from Okawaru
 25597 | D:14     | Noticed Josephine
 25608 | D:14     | Killed Josephine
 25609 | D:14     | Reached XP level 15. HP: 95/135 MP: 6/20
 25821 | D:14     | Acquired a +2 cloak of poison resistance
 25821 | D:14     | Received a gift from Okawaru
 26394 | D:14     | Killed Azrael
 27579 | D:13     | Received a gift from Okawaru
 28024 | D:13     | Found a gate to the Vaults.
 28076 | D:13     | Reached skill level 16 in Fighting
 28491 | D:15     | Entered Level 15 of the Dungeon
 29321 | D:15     | Found a staircase to the Depths.
 29668 | Orc:1    | Entered Level 1 of the Orcish Mines
 29935 | Orc:1    | Received a gift from Okawaru
 30118 | Orc:2    | Entered Level 2 of the Orcish Mines
 30149 | Orc:2    | Reached skill level 5 in Shields
 30259 | Orc:2    | Found a staircase to the Elven Halls.
 31132 | Orc:2    | Reached skill level 15 in Long Blades
 31346 | Orc:2    | Found Iclun's Antique Armour Shoppe.
 31346 | Orc:2    | Found Vishry's Armour Boutique.
 31359 | Orc:2    | Found Leqeuc's General Store.
 31359 | Orc:2    | Found Foysmefu's Distillery.
 31499 | Orc:2    | Bought a potion of resistance for 160 gold pieces
 31501 | Orc:2    | Bought a scroll of poison for 56 gold pieces
 31501 | Orc:2    | Bought a scroll of fog for 56 gold pieces
 31503 | Orc:2    | Bought the +1 pair of gloves "Bulum" {Will+ Str+2 Int-3}
                  | for 280 gold pieces
 31503 | Orc:2    | Bought a +3 scale mail of cold resistance for 364 gold
                  | pieces
 31553 | Orc:2    | Bought a glimmering scale mail for 234 gold pieces
 31553 | Orc:2    | Identified the +2 scale mail of Resonance {Int+2} (You
                  | bought it in a shop on level 2 of the Orcish Mines)
 31698 | Swamp:1  | Entered Level 1 of the Swamp
 32098 | Swamp:1  | Received a gift from Okawaru
 32539 | Swamp:2  | Gained mutation: You sometimes gain a little power by
                  | taking damage. [demonic ancestry]
 32539 | Swamp:2  | Reached XP level 16. HP: 143/145 MP: 22/22
 33269 | Swamp:3  | Received a gift from Okawaru
 33313 | Swamp:3  | Reached skill level 17 in Fighting
 33636 | Swamp:3  | Got the Atlas of Amassed Rot
 34054 | Swamp:4  | Entered Level 4 of the Swamp
 34288 | Swamp:3  | Received a gift from Okawaru
 34577 | Swamp:4  | Mangled by a spriggan rider

Illustrated notes

Levels and vault maps discovered:
D:1:      lightli_arrival_flooded_house, layout_rooms,
          shapermc_ecumenical_altar_gd, chequers_serial_rivers_small_3
D:2:      cheibrodos_old_hovel, layout_basic
D:3:      layout_basic, lemuel_round_altar, general_overflow_altar,
          nicolae_qazlal_beasts_of_the_sky, nemelex_dance_club_becter
D:4:      layout_cave_pods
D:5:      layout_loops_cross, nicolae_ossuary_entry_giza,
          serial_library_hellmonk_room_a, chequers_serial_rivers_micro_a
D:6:      layout_rooms, xom_teletrap_fun, minmay_temple_entry_glassed_door,
          hex_medium, uniq_prince_ribbit1, uniq_edmund, uniq_grinder,
          uniq_jeremiah
D:7:      layout_loops_corners, uniq_maurice
D:8:      layout_basic
D:9:      layout_cave_pools, blue_anna_alchemist,
          serial_library_hellmonk_small_corner, minivault_16
D:10:     layout_irregular_city, mainiacjoe_overflow_chevrons,
          hellmonk_lair_entry_icy, orc_0_dummy, serial_shops, shop_fountains,
          nicolae_trove_entry_columns
D:11:     layout_roguey, special_room [special_room_orc]
D:12:     layout_rooms
D:13:     layout_cave_pods, david_vaults_4, minivault_24,
          lightli_fourway_metalbox
D:14:     erik_rubicon_b, layout_basic, okawaru_trees_2, uniq_josephine,
          uniq_azrael
D:15:     hangedman_depths_entry_civil_slaughter, layout_loops_ring,
          minivault_19
Temple:   nicolae_temple_superstar
Lair:1:   layout_gridlike, grunt_megastairs_1, uniq_joseph, uniq_nergalle,
          uniq_amaemon, uniq_maggie
Lair:2:   hellmonk_destroyed_diamonds, layout_gridlike,
          minmay_swamp_entry_reptiles, ebering_ghost_disaster_area,
          serial_bayou_crossing, lemuel_fruit_tree, uniq_sonja
Lair:3:   layout_cave_pods, alex1729_snake_entry_snake, eino_house_with_fridge,
          serial_bayou_shore_b, lemuel_fruit_fields
Lair:4:   layout_layer_cave, st_stairs_8, chequers_serial_rivers_micro_e
Lair:5:   evilmike_catoblepas_cave, layout_gridlike, dpeg_slime_entry_enclosed
Swamp:1:  layout_falls_marsh, nicolae_swamp_big_swirl, infiniplex_staircase_pool
Swamp:2:  layout_basic_swamp, evilmike_swamp_ruin_house_1
Swamp:3:  layout_basic_swamp, evilmike_swamp_ruin_house_3
Swamp:4:  swamp, layout_basic_swamp
Orc:1:    layout_caves
Orc:2:    grunt_orc_tribal_feast, layout_caves, enter_volcano_3

Skill      XL: |  1  2  3  4  5  6  7  8  9 10 11 12 13 14 15 16 |
---------------+-------------------------------------------------+-----
Dodging        | 1 2 3 4 6 7 9 10 11 13 | 13.8
Long Blades    | 1 2 3 4 6 7 8 10 11 13 14 15 | 15.7
Fighting       | 3 4 5 7 8 10 11 13 14 15 16 17 | 17.3
Invocations    | 1 7 8 |  8.0
Throwing       | 2 5 |  5.0
Shields        | 1 6 7 |  7.6
Short Blades   | |  1.7
Stealth        | |  3.6

Action                     |  1- 3 |  4- 6 |  7- 9 | 10-12 | 13-15 | 16-18 || total
---------------------------+-------+-------+-------+-------+-------+-------++-------
  Melee: Dagger            |   144 |   108 |   325 |    71 |    25 |       ||   673
         Tailslap          |    13 |    21 |   105 |   127 |   225 |    38 ||   529
         Punch             |     2 |     2 |     5 |     4 |       |       ||    13
         Scimitar          |       |       |   227 |   541 |    15 |    20 ||   803
         Headbutt          |       |       |       |   104 |   339 |    52 ||   495
         Double sword      |       |       |       |    47 |  1111 |   173 ||  1331
  Throw: Dart              |     3 |    22 |    19 |    68 |    43 |       ||   155
         Boomerang         |       |       |    11 |     3 |    42 |     3 ||    59
         Javelin           |       |       |       |       |     7 |       ||     7
 Invoke: Heroism           |       |       |     1 |     3 |     4 |     2 ||    10
         Receive Weapon    |       |       |       |     1 |       |       ||     1
         Receive Armour    |       |       |       |       |     1 |       ||     1
         Finesse           |       |       |       |       |       |     1 ||     1
  Evoke: Wand              |       |     2 |     6 |    10 |    29 |       ||    47
    Use: Scroll            |       |       |    12 |     7 |    10 |       ||    29
         Potion            |       |       |     2 |     5 |       |       ||     7
   Stab: Sleeping          |     2 |     2 |       |     4 |     7 |       ||    15
         Paralysed         |       |     3 |     5 |       |     7 |       ||    15
         Distracted        |       |       |       |       |     2 |       ||     2
 Armour: Robe              |    64 |       |       |       |       |       ||    64
         Leather armour    |    11 |     9 |       |   256 |   437 |       ||   713
         Scale mail        |       |    60 |   388 |    40 |    27 |   135 ||   650
  Dodge: Dodged            |   102 |    37 |   278 |   445 |   722 |    95 ||  1679
  Block: Buckler           |       |       |       |   132 |   307 |       ||   439
         Other             |       |       |       |    12 |       |       ||    12
         Kite shield       |       |       |       |       |   578 |   244 ||   822
         Reflection        |       |       |       |       |    16 |     8 ||    24

Table legend: (Time is in decaauts)
 A = Elapsed time spent in this place.
 B = Non-inter-level travel time spent in this place.
 C = Inter-level travel time spent in this place.
 D = Time resting spent in this place.
 E = Time spent auto-exploring this place.
 F = Levels seen in this place.
 G = Mean time per level.
                   A        B        C        D        E       F      G
               +--------+--------+--------+--------+--------+-----+--------+
         Total |  34627 |  33484 |   1143 |   9107 |  13555 |  28 | 1236.7 |
       Dungeon |  18789 |  18132 |    657 |   4465 |   8497 |  15 | 1252.6 |
        Temple |     18 |     10 |      8 |      0 |      0 |   1 |   18.0 |
          Lair |  10203 |   9924 |    279 |   3476 |   2885 |   5 | 2040.6 |
         Swamp |   3022 |   2946 |     76 |    752 |   1234 |   4 |  755.5 |
  Orcish Mines |   1935 |   1813 |    122 |    223 |    939 |   2 |  967.5 |
       Ossuary |    657 |    657 |      0 |    190 |      0 |   1 |  657.0 |
               +--------+--------+--------+--------+--------+-----+--------+

Top non-repeatable levels by time:
    D:14: 2887 daAuts
  Lair:3: 2794 daAuts
  Lair:5: 1978 daAuts
  Lair:1: 1887 daAuts
  Lair:4: 1784 daAuts
  Lair:2: 1757 daAuts
    D:10: 1618 daAuts
     D:8: 1611 daAuts
     D:5: 1487 daAuts
   Orc:2: 1352 daAuts
     D:4: 1295 daAuts
     D:3: 1285 daAuts
     D:7: 1258 daAuts
    D:13: 1114 daAuts
 Swamp:3: 1107 daAuts
